 Dungeon Crawl Stone Soup version 0.29.1-15-g9cfb28693d (webtiles) character file.

Game seed: 4365173062736406994

23 Smoke131 the Chopper (level 2, -14/31 HPs)
             Began as an Ogre Gladiator on Mar 5, 2023.
             Demolished by Robin
             ... wielding a +2 short sword of electrocution
              (20 damage)
             ... on level 1 of the Dungeon.
             The game lasted 00:02:25 (1518 turns).

Smoke131 the Chopper (Ogre Gladiator)               Turns: 1518, Time: 00:02:26

Health: -14/31     AC:  3    Str: 17    XL:     2   Next: 95%
Magic:  2/2        EV: 10    Int:  9    God:
Gold:   67         SH:  0    Dex: 10    Spells: 1/1 levels left

rFire   . . .      SeeInvis .   a - +0 war axe
rCold   . . .      Faith    .   (no shield)
rNeg    . . .      Spirit   .   b - +0 robe
rPois   .          Reflect  .   c - +0 hat
rElec   .          Harm     .   (no cloak)
rCorr   .          Rampage  .   (gloves unavailable)
Will    .....                   (boots unavailable)
Stlth   +.........              (no amulet)
HPRegen 0.10/turn               (no ring)
MPRegen 0.08/turn               (no ring)

@: no status effects
A: large, unfitting armour, tough skin 1
a: no special abilities


You were on level 1 of the Dungeon.
You visited 1 branch of the dungeon, and saw 2 of its levels.

You collected 67 gold pieces.

Inventory:

Hand Weapons
 a - a +0 war axe (weapon)
Missiles
 d - 3 throwing nets
 e - a large rock
 k - 4 boomerangs (quivered)
Armour
 b - a +0 robe (worn)
 c - a +0 hat (worn)
Scrolls
 f - a scroll of identify {unknown}
 h - a scroll of enchant weapon {unknown}
 i - a scroll of magic mapping {unknown}
 j - a scroll of amnesia {unknown}
 l - a scroll of noise {unknown}
 m - a scroll of teleportation {unknown}
Potions
 g - a potion of degeneration {unknown}
 n - a potion of might {unknown}


   Skills:
 + Level 3.1 Fighting
 + Level 3.2 Axes
 + Level 2.3 Throwing
 + Level 0.6 Armour
 + Level 2.9 Dodging


You had one spell level left.
You didn't know any spells.
Your spell library contained the following spells:

 Spells                   Type           Power      Damage    Failure   Level
 Foxfire                  Conj/Fire      0%         2x1d4     38%         1
 Static Discharge         Conj/Air       0%         3-3/arc   52%         2
 Conjure Flame            Conj/Fire      0%         6-21      77%         3
 Inner Flame              Hex/Fire       0%         N/A       77%         3
 Flame Wave               Conj/Fire      0%         2d4       99%         4
 Lightning Bolt           Conj/Air       0%         1d11      100%        5
 Maxwell's Capacitive Co  Air            0%         ∞         100%        8


Dungeon Overview and Level Annotations

Branches:
Dungeon (2/15)

Altars:
Xom

Annotations:
D:1 Robin


Innate Abilities, Weirdness & Mutations

You are too large for most types of armour.
You have tough skin. (AC +1)


Message History

The hobgoblin barely misses you.
You closely miss the hobgoblin.
The hobgoblin is almost dead.
The hobgoblin closely misses you. The hobgoblin hits you.
You barely miss the hobgoblin.
The hobgoblin is almost dead.
The hobgoblin closely misses you.
You hit the hobgoblin.
You kill the hobgoblin!
The hobgoblin closely misses you.
You slash the hobgoblin!
You kill the hobgoblin!
Throw: 4 boomerangs
Press: ? - help, Q - select action, (/) - cycle Shift-Dir - straight line, f - Robin
Aim: Robin, wielding a +2 short sword of electrocution, wearing a +0 animal skin and wearing a +0 helmet (65% to hit)
You throw a boomerang. The boomerang closely misses Robin.
Robin barely misses you.
Throw: 4 boomerangs
Press: ? - help, Q - select action, (/) - cycle Shift-Dir - straight line, f/p - Robin
Aim: Robin, wielding a +2 short sword of electrocution, wearing a +0 animal skin and wearing a +0 helmet (65% to hit)
You throw a boomerang.
The boomerang hits Robin but does no damage.
Robin hits you with a +2 short sword of electrocution!
Throw: 4 boomerangs
Press: ? - help, Q - select action, (/) - cycle Shift-Dir - straight line, f/p - Robin
Aim: Robin, wielding a +2 short sword of electrocution, wearing a +0 animal skin and wearing a +0 helmet (65% to hit)
You throw a boomerang.
The boomerang hits Robin but does no damage.
Robin misses you.
Throw: 4 boomerangs
Press: ? - help, Q - select action, (/) - cycle Shift-Dir - straight line, f/p - Robin
Aim: Robin, wielding a +2 short sword of electrocution, wearing a +0 animal skin and wearing a +0 helmet (65% to hit)
You throw a boomerang. The boomerang hits Robin.
Robin is moderately wounded.
Robin hits you but does no damage.
Robin hits you with a +2 short sword of electrocution!
* * * LOW HITPOINT WARNING * * *
You are electrocuted!!
Ouch! That really hurt!
You die...

#.........#...##.######..##.##
#.#############..### ##.#...#
..........###......# #.....#
#####.###.#.#.####.# #.#>..#
#...#...#.#....###.# #.#####
#.#.###.###.#....#.#####.# #####
..#...#...#....#.........# #....
<.###.###.#........##########.###
....#...#.#.#.##@### #.....#
###.#.#.#...#.##g# #.###.#
#...#.#.###...##.## #.# #.#
#.###.#...#####...#### #.###.#
..#...#.#.# #...##.## #.....#
###.#.#.#.# #...#...## ####.##
#...#.#.#.#####).......## #.#
#.###.#.#.#...)>........######.##
..#...#.#.#.................†..#.


You could see Robin.

Vanquished Creatures
  6 goblins
  4 hobgoblins (D:1)
  A quokka (D:1)
  4 ball pythons
  3 bats (D:1)
  3 kobolds (D:1)
21 creatures vanquished.

Notes
Turn   | Place    | Note
-------+----------+-------------------------------------------
     0 | D:1      | Smoke131 the Ogre Gladiator began the quest for the Orb.
     0 | D:1      | Reached XP level 1. HP: 22/22 MP: 1/1
   355 | D:1      | Reached XP level 2. HP: 25/29 MP: 2/2
  1081 | D:2      | Found a shimmering altar of Xom.
  1083 | D:2      | Noticed Robin
  1099 | D:1      | HP: 1/31 [hobgoblin[Robin] (4)]
  1518 | D:1      | Demolished by Robin

Illustrated notes

Levels and vault maps discovered:
D:1:      psy_arrival_radial02, layout_loops_cross, serial_glass,
          glass_columns_c, glass_columns_c, amcnicky_mini_corridor_feature,
          chequers_decorated_corner
D:2:      layout_rooms, basic_altar, nicolae_ecumenical_lake_church,
          minmay_shallow_snake_nest, uniq_robin

Skill      XL: |  1  2 |
---------------+-------+-----
Fighting       | 3 |  3.1
Axes           | |  3.2
Throwing       | |  2.3
Armour         | |  0.6
Dodging        | |  2.9

Action                   || total
-------------------------++-------
Melee: War axe           ||    66
Throw: Boomerang         ||     7
Armor: Robe              ||    25
Dodge: Dodged            ||    67
